 Dungeon Crawl Stone Soup version 0.28.0-45-g0d030f2227 (webtiles) character file.

Game seed: 5488697973260208960

379 zeratav the Digger (level 6, -3/38 HPs)
             Began as a Gargoyle Earth Elementalist on Apr 5, 2022.
             Was an Initiate of Vehumet.
             Slain by a gnoll
             ... wielding a +0 flail
              (7 damage)
             ... on level 4 of the Dungeon.
             The game lasted 00:07:10 (4218 turns).

zeratav the Digger (Gargoyle Earth Elementalist)    Turns: 4218, Time: 00:07:10

Health: -3/38      AC:  9    Str: 12    XL:     6   Next: 74%
Magic:  4/10       EV: 10    Int: 17    God:    Vehumet [......]
Gold:   135        SH:  0    Dex: 10    Spells: 10/11 levels left

rFire   . . .      SeeInvis .   p - +2 short sword (flame)
rCold   . . .      Faith    .   (no shield)
rNeg    + . .      Spirit   .   d - +0 ring mail
rPois   ∞          Reflect  .   o - +0 hat
rElec   +          Harm     .   (no cloak)
rCorr   .          Rampage  .   (no gloves)
Will    .....                   (no boots)
Stlth   +.........              (no amulet)
HPRegen 0.12/turn               (no ring)
MPRegen 0.12/turn               (no ring)

@: lit by a corona, glowing
A: sickness immunity, AC +4, negative energy resistance 1, electricity
resistance, torment resistance 1, petrification resistance
a: Renounce Religion


You were on level 4 of the Dungeon.
You worshipped Vehumet.
Vehumet was noncommittal.
You visited 2 branches of the dungeon, and saw 5 of its levels.

You collected 135 gold pieces.

Inventory:

Hand Weapons
 p - a +2 short sword of flaming (weapon)
Missiles
 c - 15 stones
Armour
 d - a +0 ring mail (worn)
 o - a +0 hat (worn)
Scrolls
 b - 5 scrolls of identify {unknown}
 h - a scroll of noise {unknown}
 i - a scroll of magic mapping {unknown}
 j - a scroll of blinking {unknown}
 l - 2 scrolls of summoning {unknown}
Potions
 e - 3 potions of curing {unknown}
 f - a potion of might {unknown}
 g - a potion of resistance {unknown}
 k - a potion of brilliance {unknown}
 m - a potion of haste {unknown}
 n - a potion of ambrosia {unknown}


   Skills:
 * Level 4.0 Fighting
 + Level 2.6 Dodging
 - Level 2.1 Stealth
 + Level 3.1 Spellcasting
 - Level 0.7 Transmutations
 * Level 6.0 Earth Magic


You had 10 spell levels left.
You knew the following spells:

 Your Spells              Type           Power      Damage    Failure   Level
a - Sandblast             Erth           46%        2d11      3%          1

Your spell library contained the following spells:

 Spells                   Type           Power      Damage    Failure   Level
 Passwall                 Tmut/Erth      11%        N/A       16%         2
 Stone Arrow              Conj/Erth      24%        3d8       34%         3
 Animate Skeleton         Necr           4%         N/A       36%         1
 Apportation              Tloc           4%         N/A       36%         1
 Summon Small Mammal      Summ           8%         N/A       36%         1
 Petrify                  Tmut/Erth      14%        N/A       69%         4


Dungeon Overview and Level Annotations

Branches:
Dungeon (4/15)             Temple (1/1) D:4

Altars:
Ashenzari
Fedhas
Gozag
Hepliaklqana
Kikubaaqudgha
Nemelex Xobeh
Okawaru
Qazlal
Sif Muna
Trog
Uskayaw
Vehumet
Wu Jian
Xom
Yredelemnul
The Shining One

Shops:
D:2 (   D:3 (


Innate Abilities, Weirdness & Mutations

You are immune to sickness and miasma.
Your stone body is resilient. (AC +4)
You are immune to poison.
You resist negative energy. (rN+)
You are resistant to electric shocks. (rElec)
You are resistant to unholy torment.
You are immune to petrification.


Message History

The gnoll shaman invokes the aid of its god against you.
You are outlined in light.
The blast of sand hits the gnoll shaman.
The gnoll shaman is severely wounded.
The blast of sand hits the gnoll shaman.
The gnoll shaman is severely wounded.
The gnoll barely misses you.
The blast of sand hits the gnoll shaman!
You kill the gnoll shaman!
Vehumet accepts your kill.
The gnoll hits you from afar with a +0 spear.
The gnoll hits you from afar with a +0 halberd.
The blast of sand hits the gnoll.
The gnoll is lightly wounded.
The gnoll throws a stone.
The stone barely misses you.
The gnoll hits you from afar with a +0 halberd.
The blast of sand hits the gnoll!
You kill the gnoll!
Vehumet accepts your kill.
The gnoll hits you from afar with a +0 spear.
Your Fighting skill increases to level 4!
Your Earth Magic skill increases to level 6!
You are too injured to fight recklessly!
The gnoll hits you but does no damage. The gnoll hits you with a +0 flail.
* * * LOW HITPOINT WARNING * * *
There is an open door here.
You hit the gnoll. You burn the gnoll.
The gnoll is moderately wounded.
The gnoll hits you but does no damage. The gnoll hits you with a +0 flail.
* * * LOW HITPOINT WARNING * * *
The gnoll hits you but does no damage.
You barely miss the gnoll.
The gnoll is moderately wounded.
The gnoll hits you with a +0 flail.
* * * LOW HITPOINT WARNING * * *
The gnoll hits you but does no damage.
You hit the gnoll. You burn the gnoll.
The gnoll is heavily wounded.
The gnoll hits you with a +0 flail!
You die...

.........#.#####.### #.#.# ..#
.................#8###.#.##...##
.....<............>.............
....####.#........8....)<##.
...## #.#......######..........
#......###......................
.......+......................#.
#......###......######.#.##.....
#..#### #.....)@g........ .....
# .# ##.....#g...#.#.## .... #
#######....#.#.# .... #....#
...........# .....g.....#
...........# ...........#
.......###.#


You could see 2 gnolls.

Vanquished Creatures
  A centaur zombie (D:4)
  A jelly (D:3)
  An orc priest (D:4)
  A gnoll shaman (D:4)
  Natasha (thrice) (D:2)
  An orc wizard (D:4)
  A hound skeleton (D:4)
  7 gnolls
  An adder (D:3)
  An adder skeleton (D:4)
  3 worms (D:3)
  A dart slug (D:4)
  4 orcs
  7 bats
  5 endoplasms
  A giant cockroach (D:1)
  4 goblins
  5 hobgoblins
  4 jackals (D:2)
  2 quokkas
  3 ball pythons
  4 frilled lizards
  8 kobolds
  4 rats
73 creatures vanquished.

Vanquished Creatures (others)
  2 fungi (D:1)
  14 plants (D:2)
16 creatures vanquished.

Grand Total: 89 creatures vanquished

Notes
Turn   | Place    | Note
-------+----------+-------------------------------------------
     0 | D:1      | zeratav the Gargoyle Earth Elementalist began the quest for
                  | the Orb.
     0 | D:1      | Reached XP level 1. HP: 10/10 MP: 3/3
    90 | D:1      | Reached XP level 2. HP: 5/16 MP: 0/5
   325 | D:1      | Reached skill level 1 in Fighting
   325 | D:1      | Reached skill level 4 in Earth Magic
   441 | D:1      | Found a faded altar of an unknown god.
   620 | D:1      | Reached XP level 3. HP: 15/20 MP: 6/6
  1537 | D:2      | Noticed Natasha
  1542 | D:2      | Killed Natasha
  1589 | D:2      | Noticed Natasha
  1593 | D:2      | Killed Natasha
  1594 | D:2      | Reached XP level 4. HP: 26/26 MP: 3/7
  1792 | D:2      | Found Ulunt's Antique Weapon Emporium.
  1802 | D:2      | Found an iron altar of Okawaru.
  2067 | D:2      | Noticed Natasha
  2070 | D:2      | Killed Natasha
  2366 | D:3      | Reached XP level 5. HP: 31/31 MP: 5/8
  2462 | D:3      | Found an ancient bone altar of Kikubaaqudgha.
  2574 | D:3      | Reached skill level 5 in Earth Magic
  3110 | D:3      | Found Weulalev's Weapon Boutique.
  3653 | D:4      | Reached XP level 6. HP: 37/37 MP: 5/10
  3889 | D:4      | Found a staircase to the Ecumenical Temple.
  3901 | Temple   | Entered the Ecumenical Temple
  3999 | Temple   | Became a worshipper of Vehumet
  4215 | D:4      | Reached skill level 6 in Earth Magic
  4218 | D:4      | Slain by a gnoll

Illustrated notes

Levels and vault maps discovered:
D:1:      dpeg_arrival_simpleton_c, layout_loops_ring,
          dreamdust_ecumenical_altar_grove
D:2:      layout_loops_ring, serial_shops, nicolae_shop_crystal, basic_altar,
          serial_bayou_lake_a, uniq_natasha
D:3:      layout_loops_corners, kiku_gazebo_pond_becter, serial_shops,
          nicolae_shop_bloodbath_and_beyond, minmay_misc_feat_secret_circle,
          nicolae_wormholes
D:4:      layout_basic, mainiacjoe_overflow_paths, temple_statues
Temple:   eino_temple_scatter_basement

Skill      XL: |  1  2  3  4  5  6 |
---------------+-------------------+-----
Fighting       | 1 2 3 4 |  4.0
Earth Magic    | 4 5 6 |  6.0
Dodging        | 2 |  2.6
Spellcasting   | 3 |  3.1
Stealth        | |  2.1
Transmutations | |  0.7

Action                   |  1- 3 |  4- 6 || total
-------------------------+-------+-------++-------
Melee: Short sword       |    61 |    50 ||   111
       Punch             |     1 |     1 ||     2
 Cast: Sandblast         |    14 |    73 ||    87
 Stab: Sleeping          |     1 |       ||     1
Armor: Robe              |     2 |       ||     2
       Ring mail         |    24 |    41 ||    65
Dodge: Dodged            |    46 |    50 ||    96
